 Dungeon Crawl Stone Soup version 0.25-a0-713-g4845790874 (console) character file.

Game seed: 9713262913267304043, levelgen mode: deterministic

10601 Mephistopheles the Geomancer (level 11, -2/67 HPs)
             Began as a Gargoyle Earth Elementalist on Apr 5, 2020.
             Was a Priest of Vehumet.
             Slain by a blink frog (10 damage)
             ... on level 1 of the Lair of Beasts.
             The game lasted 01:14:20 (15356 turns).

Mephistopheles the Geomancer (GrEE)                Turns: 15356, Time: 01:14:21

Health: -2/67      AC: 13    Str: 11    XL:     11   Next: 64%
Magic:  3/22       EV: 12    Int: 23    God:    Vehumet [***...]
Gold:   600        SH:  0    Dex: 10    Spells: 13/25 levels left

rFire    + . .     SeeInvis .   m - +3 flail
rCold    . . .     Gourm    .   (no shield)
rNeg     + . .     Faith    .   I - +2 robe {Archmagi}
rPois    ∞         Spirit   .   (no helmet)
rElec    +         Reflect  .   A - +0 cloak {MR+}
rCorr    .         Harm     .   (no gloves)
MR       +....                  (no boots)
Stlth    ++........             (no amulet)
HPRegen  0.21/turn              i - ring of protection from fire
MPRegen  0.18/turn              u - +3 ring of intelligence

@: no status effects
A: negative energy resistance 1, electricity resistance, unbreathing,
petrification resistance, rot immunity, AC +8
a: Renounce Religion


You were on level 1 of the Lair of Beasts.
You worshipped Vehumet.
Vehumet was most pleased with you.
You were not hungry.

You visited 3 branches of the dungeon, and saw 12 of its levels.
You also visited: Sewer.

You collected 600 gold pieces.

Inventory:

Hand Weapons
 m - a +3 flail (weapon)
 z - a +2 quarterstaff of chaos
 D - a +1 whip of flaming
 H - a +1 morningstar of protection
 M - a +0 hunting sling
Missiles
 b - 128 stones (quivered)
 E - 3 throwing nets
Armour
 c - a +0 robe
 A - a +0 cloak of magic resistance (worn)
 F - a +1 robe
 I - a +2 robe of the Archmagi (worn)
Jewellery
 e - an uncursed ring of stealth
 i - a ring of protection from fire (left hand)
 u - a +3 ring of intelligence (right hand)
 B - an uncursed ring of resist corrosion
 P - an uncursed amulet of harm
 Q - an uncursed amulet of the acrobat {unknown}
Wands
 f - a wand of disintegration (13)
 J - a wand of iceblast (24)
 T - a wand of polymorph (8)
Scrolls
 a - 11 scrolls of identify {unknown}
 k - 5 scrolls of enchant armour {unknown}
 l - 4 scrolls of teleportation {unknown}
 r - 5 scrolls of remove curse {unknown}
 v - 5 scrolls of blinking {unknown}
 x - 3 scrolls of fog {unknown}
 y - 3 scrolls of immolation
 C - 3 scrolls of amnesia {unknown}
 G - a scroll of noise {unknown}
 K - a scroll of enchant weapon {unknown}
 N - a scroll of holy word {unknown}
 O - a scroll of vulnerability {unknown}
Potions
 g - 2 potions of flight {unknown}
 h - 7 potions of curing
 j - 2 potions of mutation {unknown}
 n - 2 potions of invisibility {unknown}
 o - 2 potions of resistance {unknown}
 p - 2 potions of stabbing {unknown}
 q - 3 potions of lignification {unknown}
 s - 2 potions of ambrosia {unknown}
 t - a potion of magic {unknown}
 L - 2 potions of heal wounds {unknown}
 R - 2 potions of might {unknown}
Miscellaneous
 w - a lightning rod (4/4)
Comestibles
 d - 18 rations
 S - a chunk of flesh


   Skills:
 + Level 7.0 Fighting
 + Level 6.4 Maces & Flails
 - Level 3.9 Armour
 - Level 1.7 Dodging
 - Level 2.3 Stealth
 + Level 7.9 Spellcasting
 + Level 8.7 Conjurations
   Level 0.7 Transmutations
 + Level 10.4 Earth Magic
 + Level 4.5 Evocations


You had 13 spell levels left.
You knew the following spells:

 Your Spells              Type           Power        Failure   Level  Hunger
a - Sandblast             Erth           ######       1%          1    None
b - Stone Arrow           Conj/Erth      ######       1%          3    None
c - Lee's Rapid Deconstr  Erth           ######....   1%          5    #####..
d - Conjure Flame         Conj/Fire      #####...     1%          3    None

Your spell library contained the following spells:

 Spells                   Type           Power        Failure   Level  Hunger
 Freeze                   Ice            ##..         1%          1    None
 Passwall                 Tmut/Erth      ######..     1%          2    None
 Mephitic Cloud           Conj/Pois/Air  ####....     1%          3    None
 Hailstorm                Conj/Ice       #####...     3%          4    ###....
 Ignite Poison            Fire/Tmut/Pois ###.....     5%          3    None
 Sting                    Tmut/Pois      ###.         6%          1    None
 Frozen Ramparts          Ice            ##....       6%          3    None
 Animate Skeleton         Necr           N/A          7%          1    None
 Apportation              Tloc           ##....       7%          1    None
 Corona                   Hex            ##.....      7%          1    None
 Summon Small Mammal      Summ           ##..         7%          1    None
 Petrify                  Tmut/Erth      ######..     7%          4    ###....
 Poisonous Vapours        Pois/Air       ##....       11%         2    None
 Olgreb's Toxic Radiance  Pois           ##......     17%         4    ###....
 Confusing Touch          Hex            ##......     22%         3    None
 Gell's Gravitas          Tloc           ##........   22%         3    None
 Ozocubu's Armour         Chrm/Ice       ##......     22%         3    None
 Yara's Violent Unravell  Hex/Tmut       ###.......   38%         5    #####..
 Summon Ice Beast         Ice/Summ       ##......     56%         4    ###....
 Metabolic Englaciation   Hex/Ice        ##........   89%         5    #####..


Dungeon Overview and Level Annotations

Branches:
Dungeon (10/15)            Temple (1/1) D:6            Lair (1/6) D:9
  Sewer (visited)
    Orc: D:9-12

Altars:
Ashenzari
Cheibriados
Dithmenos
Elyvilon
Fedhas
Gozag
Hepliaklqana
Kikubaaqudgha
Makhleb
Nemelex Xobeh
Okawaru
Qazlal
Ru
Sif Muna
Trog
Uskayaw
Vehumet
Wu Jian
Xom
Yredelemnul
Zin
The Shining One

Shops:
D:4 }   D:9 ?


Innate Abilities, Weirdness & Mutations

You are resistant to torment.
Your stone body is resilient. (AC +8)
You are immune to poison.
You resist negative energy. (rN+)
You are resistant to electric shocks. (rElec)
You can survive without breathing.
You are immune to petrification.
You are immune to rotting.


Message History

The blink frog blinks!
The blink frog hits you.
* * * LOW HITPOINT WARNING * * *
You see here a blink frog corpse.
The blink frog barely misses you. The blink frog misses you.
The blink frog barely misses you. The blink frog closely misses you.
The blink frog blinks!
The blink frog hits you.
* * * LOW HITPOINT WARNING * * *
The blink frog hits you!
* * * LOW HITPOINT WARNING * * *
The blink frog completely misses you. The blink frog misses you.
Casting: Sandblast (safe; 1% risk of failure)
Confirm with . or Enter, or press ? or * to list all spells.
Aiming: Sandblast (safe; 1% risk of failure)
Press: ? - help, Shift-Dir - straight line, f - blink frog
Aim: a blink frog You feel a surge of power!
The blast of sand hits the blink frog!!
The blink frog is severely wounded.
b - 128 stones The blink frog hits you!
You die...

####
#§.####
##†.#.#
#....##
##.FF.## .#
#P§@F.###
..#
###F...P##
..%#
##......#
....#
#....##.#
#F...#
##.###....#
#....##...#
#.#..
#......###
?.#
##....##
#..
##....## ..


You could see 4 blink frogs.

Vanquished Creatures
  The ghost of Anaz the Cudgeler, a novice DgAE (D:8)
  The ghost of Shavain the Geomancer, a novice OpEE of Vehumet (D:9)
  Pikel (D:5)
  An ice statue (D:8)
  3 spiny frogs (Lair:1)
  A komodo dragon (Lair:1)
  A queen bee (D:8)
  A blink frog (Lair:1)
  Sigmund (D:4)
  2 yaks (Lair:1)
  2 wargs (D:9)
  Menkaure (D:3)
  Duvessa (D:5)
  2 water moccasins
  2 porcupines (Lair:1)
  2 orc warriors
  2 ice beasts
  3 black bears
  2 sky beasts (D:9)
  A slave (D:6)
  8 ogres
  A necrophage (D:5)
  5 phantoms
  An eye of draining (D:8)
  4 centaurs
  A big kobold (D:7)
  8 bullfrogs
  Blork the orc (D:5)
  Dowan (D:5)
  A wyvern skeleton (D:7)
  5 scorpions
  14 killer bees
  3 howler monkeys
  A crimson imp (D:6)
  2 quasits
  Crazy Yiuf (D:3)
  2 jellies
  8 hounds
  7 orc priests
  3 centaur skeletons
  Terence (D:3)
  5 worker ants
  Natasha (D:2)
  2 iguanas
  9 orc wizards
  A worker ant zombie (D:5)
  13 adders
  11 gnolls
  6 oozes
  An adder zombie (D:8)
  5 worms
  2 dart slugs (D:2)
  21 leopard geckos
  26 orcs
  19 ball pythons
  16 giant cockroaches
  13 goblins
  12 hobgoblins
  11 jackals
  7 quokkas
  10 bats
  20 frilled lizards
  6 kobolds
  A leopard gecko zombie (D:5)
  2 quokka skeletons
  10 rats
339 creatures vanquished.

Vanquished Creatures (others)
  A soldier ant (D:8)
  A quokka (D:6)
2 creatures vanquished.

Grand Total: 341 creatures vanquished

Notes
Turn   | Place    | Note
-------+----------+-------------------------------------------
     0 | D:1      | Mephistopheles the Gargoyle Earth Elementalist began the
                  | quest for the Orb.
     0 | D:1      | Reached XP level 1. HP: 10/10 MP: 3/3
   179 | D:1      | Reached XP level 2. HP: 15/15 MP: 3/5
   245 | D:1      | Reached skill level 4 in Earth Magic
   556 | D:1      | Reached XP level 3. HP: 19/19 MP: 4/6
  1084 | D:2      | Reached XP level 4. HP: 16/24 MP: 0/8
  1213 | D:2      | Reached skill level 5 in Earth Magic
  1218 | D:2      | Learned a level 3 spell: Stone Arrow
  2371 | D:2      | Reached skill level 1 in Conjurations
  2464 | D:2      | Reached XP level 5. HP: 11/28 MP: 1/10
  2990 | D:3      | Found a runed translucent door.
  2991 | D:3      | Noticed Crazy Yiuf
  3348 | D:3      | Noticed Terence
  3357 | D:3      | Killed Terence
  3770 | D:3      | Reached XP level 6. HP: 21/32 MP: 9/11
  3778 | D:3      | Learned a level 5 spell: Lee's Rapid Deconstruction
  3791 | D:3      | Noticed Natasha
  3934 | D:2      | Killed Natasha
  4292 | D:3      | Killed Crazy Yiuf
  4433 | D:4      | Noticed a phantom
  4440 | D:4      | Killed a phantom
  4440 | D:4      | Reached skill level 6 in Earth Magic
  4491 | D:4      | Noticed Sigmund
  4526 | D:4      | Noticed Menkaure
  4534 | D:4      | Found a glowing drain.
  4730 | D:3      | Killed Menkaure
  4730 | D:3      | Reached XP level 7. HP: 36/36 MP: 9/13
  4813 | D:4      | Killed Sigmund
  4862 | Sewer    | Entered a sewer
  5113 | Sewer    | Reached skill level 5 in Spellcasting
  5114 | Sewer    | Reached skill level 7 in Earth Magic
  5786 | Sewer    | Reached skill level 1 in Armour
  5899 | Sewer    | Reached XP level 8. HP: 42/42 MP: 5/15
  5922 | Sewer    | Reached skill level 1 in Fighting
  5922 | Sewer    | Reached skill level 1 in Maces & Flails
  6091 | D:4      | Found Qoce Cioha's Gadget Shoppe.
  6813 | D:5      | Entered Level 5 of the Dungeon
  6823 | D:5      | Reached skill level 5 in Conjurations
  7028 | D:5      | Noticed Blork the orc
  7030 | D:5      | Killed Blork the orc
  7428 | D:5      | Noticed Duvessa
  7432 | D:5      | Noticed Dowan
  7537 | D:5      | Killed Duvessa
  7796 | D:5      | Found a bloodstained altar of Trog.
  7843 | D:5      | Reached XP level 9. HP: 49/49 MP: 5/17
  8093 | D:5      | Reached skill level 8 in Earth Magic
  8342 | D:5      | Noticed Pikel
  8525 | D:5      | Killed Pikel
  8694 | D:5      | Killed Dowan
  8941 | D:6      | Found a burning altar of Makhleb.
  9011 | D:6      | Reached skill level 1 in Evocations
  9015 | D:7      | Found a bloodstained altar of Trog.
  9230 | D:6      | Found a white marble altar of Elyvilon.
  9273 | D:6      | Found a shattered altar of Ashenzari.
  9483 | D:6      | Found a staircase to the Ecumenical Temple.
  9489 | Temple   | Entered the Ecumenical Temple
  9562 | Temple   | Became a worshipper of Vehumet
  9575 | Temple   | Stash
  9715 | D:6      | Found an iron altar of Okawaru.
  9938 | D:6      | Reached XP level 10. HP: 51/58 MP: 6/19
 10293 | D:7      | Found a bloodstained altar of Trog.
 10707 | D:7      | Reached skill level 9 in Earth Magic
 10913 | D:7      | Reached skill level 5 in Fighting
 10923 | D:7      | Found a stormy altar of Qazlal.
 11066 | D:7      | Found a sacrificial altar of Ru.
 11297 | D:7      | Found a glowing golden altar of the Shining One.
 11494 | D:8      | Found a runed translucent door.
 11498 | D:8      | Noticed Anaz's ghost (novice DgAE)
 11513 | D:8      | Killed Anaz's ghost
 11700 | D:8      | Reached skill level 5 in Maces & Flails
 11721 | D:8      | Reached * piety under Vehumet
 11721 | D:8      | Offered knowledge of Magic Dart by Vehumet.
 12190 | D:8      | Noticed an ice statue
 12330 | D:8      | Killed an ice statue
 13536 | D:9      | Reached XP level 11. HP: 64/64 MP: 11/21
 13540 | D:9      | Offered knowledge of Shock by Vehumet.
 13621 | D:9      | Found Abboaqus's Magic Scroll Boutique.
 13721 | D:9      | Reached ** piety under Vehumet
 13828 | D:9      | Found a stormy altar of Qazlal.
 13901 | D:9      | Found a large runed translucent door.
 13902 | D:9      | Found a large runed translucent door.
 13909 | D:9      | Noticed Shavain's ghost (novice OpEE)
 13940 | D:9      | Ghost
 14194 | D:9      | Found a glowing silver altar of Zin.
 14216 | D:9      | Found a staircase to the Lair.
 14264 | D:9      | Reached skill level 10 in Earth Magic
 14684 | D:9      | Found a snail-covered altar of Cheibriados.
 14872 | D:10     | Entered Level 10 of the Dungeon
 14916 | D:9      | Killed Shavain's ghost
 15006 | Lair:1   | Entered Level 1 of the Lair of Beasts
 15034 | Lair:1   | Offered knowledge of Conjure Flame by Vehumet.
 15039 | Lair:1   | Learned a level 3 spell: Conjure Flame
 15317 | Lair:1   | Reached *** piety under Vehumet
 15356 | Lair:1   | Slain by a blink frog

Levels and vault maps discovered:
D:1:      grunt_arrival_crossed_arrows, layout_loops_ring, minmay_bisected
D:2:      layout_basic, minmay_mini_jars
D:3:      layout_basic, serial_glass, glass_columns_c, glass_columns_a,
          first_ration, kennysheep_cross_bottleneck, uniq_terence, uniq_natasha,
          uniq_crazy_yiuf_cottage
D:4:      layout_basic, portal_sewer_entry_c, serial_shops, shop, minmay_cupped,
          uniq_menkaure, uniq_sigmund
D:5:      layout_loops_corners, basic_altar, uniq_pikel, uniq_blork_the_orc,
          uniq_duvessa
D:6:      layout_basic, nicolae_overflow_crystal_walls,
          makhleb_heckhound_becter, elyvilon_altar_4, kennysheep_mini,
          minmay_temple_entry_hall, chequers_serial_rivers_small_a,
          grunt_ministairs_12
D:7:      layout_loops_cross, kennysheep_little_box,
          nicolae_ru_sacrificial_ziggurat, old_standard_altar,
          nicolae_overflow_hidden_temple, trog_ov_bears_minmay
D:8:      minmay_statue_hallways, layout_basic, ebering_ghost_inner_flame,
          david_nohive_1
D:9:      layout_loops_ring, slow_altar_2, zin_academy,
          erik_lair_orcish_takeover, serial_shops, shop,
          ebering_ghost_disaster_area, nicolae_qazlal_general_emergency
D:10:     minmay_the_grid_plus_closed [minmay_the_grid_tiny_cups,
          minmay_the_grid_all_tris, minmay_the_grid_odd_star,
          minmay_the_grid_expand, minmay_the_grid_prize_shrinking_boxes],
          layout_loops_ring
Temple:   nicolae_temple_x_marks_the_god
Lair:1:   layout_concentric_octagons, serial_bayou_shore_b

Skill      XL: |  1  2  3  4  5  6  7  8  9 10 11 |
---------------+----------------------------------+-----
Earth Magic    | 4 5 6 7 8 9 10 | 10.4
Spellcasting   | 3 4 5 6 7 |  7.9
Conjurations   | 1 2 3 4 5 6 7 8 |  8.7
Armour         | 1 3 |  3.9
Fighting       | 2 4 6 7 |  7.0
Maces & Flails | 2 4 5 6 |  6.4
Evocations     | 1 3 4 |  4.5
Dodging        | |  1.7
Stealth        | |  2.3
Transmutations | |  0.7

Action                   |  1- 3 |  4- 6 |  7- 9 | 10-12 || total
-------------------------+-------+-------+-------+-------++-------
Melee: Club              |    14 |    62 |       |       ||    76
       Flail             |       |    26 |   115 |    43 ||   184
 Cast: Sandblast         |    34 |    44 |    83 |    42 ||   203
       Stone Arrow       |       |    32 |   103 |   135 ||   270
       Lee's Rapid Decon |       |       |     8 |    26 ||    34
       Conjure Flame     |       |       |       |     2 ||     2
  Use: Potion            |       |       |       |     1 ||     1
 Stab: Sleeping          |       |     1 |     1 |       ||     2
  Eat: Chunk             |     1 |    15 |    22 |    23 ||    61
Armor: Robe              |     7 |    68 |   100 |    62 ||   237
Dodge: Dodged            |    19 |   128 |   134 |    99 ||   380

Table legend:
 A = Non-vault XP
 B = Vault XP
 C = Vault XP percentage of total XP
 D = Non-vault monster count
 E = Vault monster count
 F = Vault count percentage of total count
                 A         B        C        D         E       F
            +---------+---------+-------+---------+---------+-------
      Total |    8827 |    6318 |  41.7 |     209 |     130 |  38.3
            +---------+---------+-------+---------+---------+-------
        D:1 |      30 |       7 |  18.9 |      19 |       4 |  17.4
        D:2 |     148 |      55 |  27.1 |      26 |      10 |  27.8
        D:3 |     120 |     252 |  67.7 |      21 |       5 |  19.2
        D:4 |     402 |     252 |  38.5 |       9 |       7 |  43.8
        D:5 |    1083 |     995 |  47.9 |      29 |       4 |  12.1
        D:6 |     776 |     403 |  34.2 |      19 |       8 |  29.6
        D:7 |    1030 |       0 |   0.0 |      19 |       0 |   0.0
        D:8 |     786 |    2397 |  75.3 |      27 |      16 |  37.2
        D:9 |    1459 |    1660 |  53.2 |      24 |      14 |  36.8
       D:10 |      84 |       0 |   0.0 |       3 |       0 |   0.0
     Lair:1 |    2909 |       0 |   0.0 |      13 |       0 |   0.0
      Sewer |       0 |     297 | 100.0 |       0 |      62 | 100.0
            +---------+---------+-------+---------+---------+-------
